 Dungeon Crawl Stone Soup version 0.23-a0-436-g57debff (webtiles) character file.

550 Azzok the Firebug (level 7, 43/46 HPs)
             Began as a Demonspawn Fire Elementalist on Nov 16, 2018.
             Was a Follower of Vehumet.
             Quit the game on level 4 of the Dungeon.
             The game lasted 00:05:32 (3076 turns).

Azzok the Firebug (Demonspawn Fire Elementalist)    Turns: 3076, Time: 00:05:33

Health: 43/46      AC:  2    Str:  9    XL:     7   Next: 7%
Magic:  1/13       EV: 15    Int: 25    God:    Vehumet [*.....]
Gold:   214        SH:  0    Dex: 13    Spells: 1/14 levels left

rFire    . . .     SeeInvis .   i - +4 dagger (venom)
rCold    + . .     Gourm    .   (no shield)
rNeg     . . .     Faith    .   a - +0 robe
rPois    .         Spirit   .   (no helmet)
rElec    .         Reflect  .   (no cloak)
rCorr    .         Harm     .   (no gloves)
MR       .....                  (no boots)
Stlth    ++........             n - amulet of regeneration
HPRegen  0.55/turn              p - +4 ring of intelligence
MPRegen  0.13/turn              h - +3 ring of intelligence

@: no status effects
A: hooves 1, repulsion field 2, cold resistance 1
a: Renounce Religion


You were on level 4 of the Dungeon.
You worshipped Vehumet.
Vehumet was aware of your devotion.
You were not hungry.

You visited 1 branch of the dungeon, and saw 4 of its levels.

You collected 214 gold pieces.

Inventory:

Hand Weapons
 i - a +4 dagger of venom (weapon)
Missiles
 k - 11 poisoned needles
Armour
 a - a +0 robe (worn)
Jewellery
 f - a +3 ring of intelligence
 h - a +3 ring of intelligence (right hand)
 n - an amulet of regeneration (around neck)
 p - a +4 ring of intelligence (left hand)
 r - an uncursed ring of positive energy
Wands
 g - a wand of flame (11)
 m - a wand of random effects (17)
Scrolls
 e - 2 scrolls of identify {unknown}
Potions
 d - a potion of berserk rage {unknown}
 j - a potion of magic {unknown}
 l - a potion of brilliance {unknown}
 o - 2 potions of flight {unknown}
 q - a potion of might {unknown}
Comestibles
 b - 7 chunks of flesh
 c - 6 rations


   Skills:
 - Level 1.7 Dodging
 - Level 1.7 Stealth
 + Level 4.4 Spellcasting
 + Level 4.2 Conjurations
 + Level 4.8 Fire Magic


You had one spell level left.
You knew the following spells:

 Your Spells              Type           Power        Failure   Level  Hunger
a - Flame Tongue          Conj/Fire      ####.        1%          1    None
b - Conjure Flame         Conj/Fire      ####....     4%          3    ##.....
c - Sticky Flame          Conj/Fire      ####....     14%         4    ####...
d - Fireball              Conj/Fire      ####......   36%         5    #####..

Your spell library contained the following spells:

 Spells                   Type           Power        Failure   Level  Hunger
 Sting                    Conj/Pois      ###.         3%          1    None
 Throw Flame              Conj/Fire      ####..       1%          2    None
 Inner Flame              Hex/Fire       ###.....     10%         3    ##.....


Dungeon Overview and Level Annotations

Branches:
Dungeon (4/15)
 Temple: D:4-7

Altars:
Dithmenos
Elyvilon
Hepliaklqana
Makhleb
Trog
Vehumet


Innate Abilities, Weirdness & Mutations

You have large cloven feet.
You are surrounded by a moderate repulsion field. (EV +3)
Your flesh is cold resistant. (rC+)


Message History

* * * LOW MAGIC WARNING * * *
You hear the quick rusting of a very distant drain.
The worker ant burns!
The worker ant closely misses you. The worker ant barely misses you.
Casting: Sticky Flame (safe; 14% risk of failure)
Confirm with . or Enter, or press ? or * to list all spells.
Aiming: Flame Tongue (safe; 1% risk of failure)
Press: ? - help, Shift-Dir - straight line, f/p - worker ant
Aim: a worker ant (heavily wounded, covered in liquid flames)
The flame tongue hits the worker ant.
The worker ant is severely wounded.
* * * LOW MAGIC WARNING * * *
The worker ant burns!
You kill the worker ant!
Vehumet accepts your kill.
Casting: Flame Tongue (safe; 1% risk of failure)
Confirm with . or Enter, or press ? or * to list all spells.
You don't have enough magic to cast that spell.
The bullfrog skeleton is too close now for your liking.
Are you sure you want to abandon this character and quit the game? (Confirm

▒▒▒·······▒▒▒▒·▒▒
▒··········▒ ▒··
▒▒▒·········▒▒ ▒···
▒▒············▒▒▒▒▒▒
▒▒··············▒
▒▒▒··?···········)▒▒▒
▒▒··············))···▒▒▒
▒····)·················▒
▒···))@············▒··▒
···▒···············▒▒▒··
$ ▒▒▒·············▒····
▒)·················
···············▒▒▒··
···············▒ ··
·Z%······▒·(······▒▒·
··················▒
··················


You could see a bullfrog skeleton (wandering).

Vanquished Creatures
  Grinder (D:4)
  An ogre (D:3)
  2 orc priests (D:4)
  An orc wizard (D:4)
  A worker ant (D:4)
  4 gnolls (D:4)
  5 adders
  3 dart slugs
  3 leopard geckos
  5 orcs (D:4)
  3 giant cockroaches
  10 goblins
  3 hobgoblins
  3 jackals (D:1)
  A ball python (D:1)
  5 bats
  3 frilled lizards
  6 kobolds
  8 rats
68 creatures vanquished.

Notes
Turn   | Place    | Note
-------+----------+-------------------------------------------
     0 | D:1      | Azzok the Demonspawn Fire Elementalist began the quest for
                  | the Orb.
     0 | D:1      | Reached XP level 1. HP: 13/13 MP: 3/3
   141 | D:1      | Gained mutation: You are surrounded by a mild repulsion
                  | field. (EV +2) [demonic ancestry]
   141 | D:1      | Reached XP level 2. HP: 11/19 MP: 1/5
   878 | D:1      | Gained mutation: You have large cloven feet. [demonic
                  | ancestry]
   878 | D:1      | Reached XP level 3. HP: 24/24 MP: 2/6
   883 | D:1      | Learned a level 3 spell: Conjure Flame
  1352 | D:2      | Found a burning altar of Makhleb.
  1353 | D:2      | Found a radiant altar of Vehumet.
  1361 | D:2      | Became a worshipper of Vehumet
  1590 | D:2      | Found a white marble altar of Elyvilon.
  1590 | D:2      | Found a hazy altar of Hepliaklqana.
  1693 | D:2      | Found a bloodstained altar of Trog.
  2071 | D:3      | Gained mutation: You are surrounded by a moderate repulsion
                  | field. (EV +3) [demonic ancestry]
  2071 | D:3      | Reached XP level 4. HP: 30/30 MP: 5/8
  2372 | D:3      | Learned a level 4 spell: Sticky Flame
  2515 | D:4      | Noticed Grinder
  2515 | D:4      | Noticed an ogre
  2528 | D:3      | Killed an ogre
  2528 | D:3      | Reached XP level 5. HP: 19/35 MP: 2/10
  2651 | D:4      | Reached * piety under Vehumet
  2651 | D:4      | Offered knowledge of Sting by Vehumet.
  2677 | D:4      | Killed Grinder
  2677 | D:4      | Reached XP level 6. HP: 16/41 MP: 1/12
  2785 | D:4      | Found a shadowy altar of Dithmenos.
  2984 | D:4      | Learned a level 5 spell: Fireball
  3064 | D:4      | Gained mutation: Your flesh is cold resistant. (rC+)
                  | [demonic ancestry]
  3064 | D:4      | Reached XP level 7. HP: 36/46 MP: 7/13
  3076 | D:4      | Quit the game

Vault maps used:
D:1:      beargit_arrival_greenhouse, hangedman_decor_growths
D:2:      grunt_temple_overflow_open, gammafunk_temple_overflow_elements,
          overflow_temple_1_default
D:3:      first_ration
D:4:      grunt_dithmenos_smoke_and_mirrors, cheibrodos_sewer_entry_bend,
          uniq_grinder

Skill      XL: |  1  2  3  4  5  6 |
---------------+-------------------+-----
Fire Magic     | 3 4 |  4.8
Conjurations   | 2 3 4 |  4.2
Spellcasting   | 3 4 |  4.4
Dodging        | |  1.7
Stealth        | |  1.7

Action                   |  1- 3 |  4- 6 |  7- 9 || total
-------------------------+-------+-------+-------++-------
Melee: Short sword       |    39 |     8 |       ||    47
       Kick              |     3 |     3 |       ||     6
 Cast: Flame Tongue      |    64 |    41 |     5 ||   110
       Sticky Flame      |       |     4 |     1 ||     5
  Use: Scroll            |       |     4 |       ||     4
  Eat: Chunk             |     4 |     4 |       ||     8
Armor: Robe              |    21 |     1 |       ||    22
Dodge: Dodged            |    67 |    15 |     5 ||    87

Table legend:
 A = Non-vault XP
 B = Vault XP
 C = Vault XP percentage of total XP
 D = Non-vault monster count
 E = Vault monster count
 F = Vault count percentage of total count
                 A         B        C        D         E       F
            +---------+---------+-------+---------+---------+-------
      Total |     500 |     286 |  36.4 |      67 |       1 |   1.5
            +---------+---------+-------+---------+---------+-------
        D:1 |      44 |       0 |   0.0 |      25 |       0 |   0.0
        D:2 |      35 |       0 |   0.0 |       8 |       0 |   0.0
        D:3 |     189 |       0 |   0.0 |      20 |       0 |   0.0
        D:4 |     232 |     286 |  55.2 |      14 |       1 |   6.7
            +---------+---------+-------+---------+---------+-------
